 Dungeon Crawl Stone Soup version 0.30.1-11-g7821555f0a (webtiles) character file.

Game seed: 17890055821161124738

27 fireball365 the Trooper (level 2, 0/27 HPs)
             Began as a Minotaur Fighter on Oct 29, 2023.
             Slain by a goblin
             ... wielding a +0 dagger
             ... led by Robin
              (1 damage)
             ... on level 2 of the Dungeon.
             The game lasted 00:02:01 (808 turns).

fireball365 the Trooper (Minotaur Fighter)           Turns: 808, Time: 00:02:03

Health: 0/27       AC: 11    Str: 20    XL:     2   Next: 93%
Magic:  1/1        EV:  5    Int:  5    God:
Gold:   35         SH:  4    Dex:  9    Spells: 1/1 levels left

rFire   + . .        a - +0 war axe
rCold   + . .        c - +0 buckler
rNeg    . . .        j - +0 plate armour
rPois   +            (helmet restricted)
rElec   +            (no cloak)
rCorr   +            (no gloves)
SInv    .            (no boots)
Will    .....        (no amulet) Stlth
                     (no ring)
HPRegen 0.24/turn    (no ring)
MPRegen 0.07/turn

%: no passive effects
@: lethally poisoned (0 -> -2), resistant, hasted, very quick
A: horns 2, retaliatory headbutt
a: no special abilities


You were on level 2 of the Dungeon.
You visited 1 branch of the dungeon, and saw 2 of its levels.

You collected 35 gold pieces.

Inventory:

Hand Weapons
 a - a +0 war axe (weapon)
Armour
 b - a +0 scale mail
 c - a +0 buckler (worn)
 j - a +0 plate armour (worn)
Scrolls
 g - a scroll of silence {unknown}
 h - a scroll of amnesia {unknown}
 l - a scroll of enchant weapon {unknown}
Potions
 d - a potion of might
 e - 2 potions of invisibility
 k - a potion of mutation {unknown}


   Skills:
 + Level 4.0 Fighting
 + Level 3.0 Axes
 + Level 4.0 Armour
 + Level 4.0 Shields


You had one spell level left.
You didn't know any spells.
Your spell library contained the following spells:

 Spells                   Type           Power      Damage    Failure   Level
 Apportation              Tloc           0%         N/A       100%        1
 Necrotise                Necr           0%         1d4       100%        1
 Summon Small Mammal      Summ           0%         N/A       100%        1
 Gell's Gravitas          Tloc           0%         N/A       100%        3
 Teleport Other           Tloc           0%         N/A       100%        3
 Dispersal                Tloc           0%         N/A       100%        6


Dungeon Overview and Level Annotations

Branches:
Dungeon (2/15)

Altars:

Annotations:
D:2 Robin


Innate Abilities, Weirdness & Mutations

You have a pair of horns on your head.
You reflexively headbutt those who attack you in melee.


Message History

You miss the goblin. You closely miss the hobgoblin. You slash the goblin!
You kill the goblin!
You hit the goblin.
You kill the goblin!
You hit the goblin.
You feel very sick.
The hobgoblin hits you but does no damage.
The goblin hits you but does no damage. The goblin barely misses you.
Something throws the goblin at you!
You closely miss the goblin. You barely miss the goblin. You hit the hobgoblin.
You barely miss the goblin. You hit the goblin.
You feel sick. The goblin hits you but does no damage.
You block the goblin's attack.
The hobgoblin hits you but does no damage.
The goblin hits you with a +0 club.
The goblin hits you but does no damage. x2
The goblin hits you with a +0 club.
* * * LOW HITPOINT WARNING * * *
The hobgoblin barely misses you. You furiously retaliate!
You headbutt the hobgoblin.
You kill the hobgoblin!
The goblin hits you but does no damage. The goblin hits you with a +0 dagger.
* * * LOW HITPOINT WARNING * * *
Something throws the goblin at you!
* * * LOW HITPOINT WARNING * * *
Your Shields skill increases to level 4!
It was a potion of haste.
You feel yourself speed up.
* * * LOW HITPOINT WARNING * * *
You feel sick. The goblin barely misses you. x2
The goblin hits you but does no damage. The goblin barely misses you.
You furiously retaliate!
You headbutt the goblin.
You kill the goblin!
You block the goblin's attack.
Your Axes skill increases to level 3!
It was a potion of resistance.
You feel protected.
* * * LOW HITPOINT WARNING * * *
You feel sick. You block the goblin's attack. The goblin barely misses you.
You furiously retaliate!
You headbutt the goblin!
You kill the goblin!
The goblin hits you with a +0 dagger.
You die...

#.#..# #.##.# ...# .#
#.# ... ...##.. #.# ####
.#..... #.## .#
#####...... #..#
..##........#
##.#######..#........###
........# #.....g)..w...
........#####...@g...#.#
...............g))......
...........##...........
##.......#..####........
#.........#.........####
#.........#..#####..#
#.............. #..#
#.>.......####... #.#
#.........# ###.. .#


You could see a worm and 3 goblins.

Vanquished Creatures
  An adder (D:2)
  An endoplasm (D:1)
  3 hobgoblins
  A ball python (D:1)
  A bat (D:2)
  8 goblins
  2 kobolds (D:1)
  A rat (D:1)
18 creatures vanquished.

Notes
Turn   | Place    | Note
-------+----------+-------------------------------------------
     0 | D:1      | fireball365 the Minotaur Fighter began the quest for the
                  | Orb.
     0 | D:1      | Reached XP level 1. HP: 19/19 MP: 0/0
    71 | D:1      | Found a faded altar of an unknown god.
   782 | D:2      | Reached XP level 2. HP: 27/27 MP: 1/1
   799 | D:2      | Noticed Robin
   807 | D:2      | HP: 1/27 [poisoned by a goblin]
   808 | D:2      | Slain by a goblin

Illustrated notes

Levels and vault maps discovered:
D:1:      ebering_trefoil_twist, layout_basic, chequers_ecumenical_altar_island,
          minmay_pentomino_v2
D:2:      layout_rooms, uniq_robin

Skill      XL: |  1  2 |
---------------+-------+-----
Fighting       | 4 |  4.0
Armour         | 4 |  4.0
Shields        | 4 |  4.0
Axes           | 3 |  3.0

Action                     || total
---------------------------++-------
  Melee: War axe           ||    21
    Use: Potion            ||     2
 Armour: Scale mail        ||     3
         Plate armour      ||    16
  Dodge: Dodged            ||    14
  Block: Buckler           ||     7
